 Dungeon Crawl Stone Soup version 0.27-a0-1291-geefcff550b (webtiles) character file.

Game seed: 132789789120232496

14437 Zonian the Destroyer (level 12, -2/75 HPs)
             Began as a Tengu Conjurer on June 15, 2021.
             Was a Believer of Ashenzari.
             Slain by Urug (22 damage)
             ... on level 3 of the Lair of Beasts.
             The game lasted 00:39:53 (21176 turns).

Zonian the Destroyer (Tengu Conjurer)              Turns: 21176, Time: 00:39:54

Health: -2/75      AC:  6    Str: 14    XL:     12   Next: 16%
Magic:  8/25       EV: 21    Int: 23    God:    Ashenzari [**....]
Gold:   434        SH:  5    Dex: 19    Spells: 6/28 levels left

rFire    . . .     SeeInvis +   a - +14 obsidian axe {vorpal, Drain Fly SInv}
rCold    . . .     Faith    .   e - +0 buckler
rNeg     . . .     Spirit   .   I - +2 robe {Archmagi}
rPois    .         Reflect  .   (helmet restricted)
rElec    .         Harm     .   d - +0 cloak of Supernal Wisdom {Evo, Self} (curse)
rCorr    .         Rampage  .   y - +0 pair of gloves "Visionary the Doldrums" {Bglg, Melee} (curse)
Will     .....                  (boots unavailable)
Stlth    ++++......             (no amulet)
HPRegen  0.22/turn              j - ring of the Tethered Comet {Dex+6, Bglg, Melee} (curse)
MPRegen  0.19/turn              k - +6 ring of strength

@: flying quickly and evasively, mesmerised, quick
A: beak, talons 3, nimble flight
a: Renounce Religion, Curse Item, Shatter the Chains


You were on level 3 of the Lair of Beasts.
You worshipped Ashenzari.
Ashenzari was pleased with you.
You visited 2 branches of the dungeon, and saw 11 of its levels.
You also visited: Ossuary and Gauntlet.

You collected 784 gold pieces.
You spent 350 gold pieces at shops.

Inventory:

Hand Weapons
 a - the +14 obsidian axe (weapon) {vorpal, Drain Fly SInv}
   (You acquired it on level 2 of the Lair of Beasts)

   It inflicts extra damage upon your enemies.
   It lets you see invisible.
   It grants you flight.
   It drains your maximum health when unequipped.
 b - a +0 hand axe of venom
 n - a +2 flail of protection
 A - a +2 dagger of holy wrath
 D - a +2 vorpal hand axe
 H - a +2 scimitar of flaming
Missiles
 m - a throwing net
 C - 27 poisoned darts
Armour
 d - the cursed +0 cloak of Supernal Wisdom (worn) {Evo, Self}
   (You found it on level 2 of the Dungeon)

   It has a curse which improves the following skills: Evocations: Evocations.
   Introspection: Fighting and Spellcasting.
 e - a +0 buckler (worn)
 y - the cursed +0 pair of gloves "Visionary the Doldrums" (worn) {Bglg, Melee}
   (You found it on level 6 of the Dungeon)

   It has a curse which improves the following skills: Beguiling: Conjurations,
   Hexes and Translocations.
   Melee Combat: Short Blades, Long Blades, Axes, Maces & Flails, Polearms,
   Staves and Unarmed Combat.
 F - a +0 troll leather armour
 G - +0 steam dragon scales
 I - a +2 robe of the Archmagi (worn)
Jewellery
 j - the cursed ring of the Tethered Comet (left hand) {Dex+6, Bglg, Melee}
   (You found it on level 3 of the Dungeon)

   [ring of dexterity]

   It affects your dexterity (+6).
   It has a curse which improves the following skills: Beguiling: Conjurations,
   Hexes and Translocations.
   Melee Combat: Short Blades, Long Blades, Axes, Maces & Flails, Polearms,
   Staves and Unarmed Combat.
 k - a +6 ring of strength (right hand)
Wands
 w - a wand of polymorph (21)
 x - a wand of charming (9)
 B - a wand of flame (49)
Scrolls
 f - 2 scrolls of enchant armour
 g - 7 scrolls of teleportation
 h - a scroll of summoning
 i - 2 scrolls of magic mapping
 p - 2 scrolls of enchant weapon
 s - 2 scrolls of blinking
 z - 3 scrolls of fear
 E - 2 scrolls of holy word
Potions
 c - 2 potions of might
 l - 3 potions of brilliance
 o - 2 potions of magic
 q - a potion of haste
 r - a potion of curing
 t - a potion of berserk rage
 u - a potion of mutation
 v - a potion of resistance


   Skills:
 + Level 7.0(8.5) Fighting
 + Level 7.7(10.0) Axes
 + Level 8.3 Dodging
 + Level 8.0 Stealth
 + Level 3.9 Shields
 + Level 7.1(8.6) Spellcasting
 + Level 11.3(13.3) Conjurations
 + Level 1.2 Fire Magic
 + Level 8.1 Air Magic


You had 6 spell levels left.
You knew the following spells:

 Your Spells              Type           Power      Damage    Failure   Level
a - Magic Dart            Conj           100%       1d8       1%          1
b - Searing Ray           Conj           100%       3d7       1%          2
c - Static Discharge      Conj/Air       73%        N/A       1%          2
d - Airstrike             Air            31%        N/A       2%          4
e - Swiftness             Air            63%        N/A       1%          3
f - Lightning Bolt        Conj/Air       36%        1d54      2%          5
g - Fireball              Conj/Fire      30%        3d13      9%          5

Your spell library contained the following spells:

 Spells                   Type           Power      Damage    Failure   Level
 Foxfire                  Conj/Fire      100%       2x1d9     1%          1
 Shock                    Conj/Air       100%       1d9       1%          1
 Conjure Flame            Conj/Fire      60%        6-21      1%          3
 Dazzling Flash           Conj/Hex       100%       N/A       1%          3
 Sticky Flame             Conj/Fire      60%        2d8       3%          4
 Fulminant Prism          Conj/Hex       29%        3d14      4%          4
 Iskenderun's Mystic Bla  Conj/Tloc      58%        2d12      4%          4
 Animate Skeleton         Necr           28%        N/A       6%          1
 Apportation              Tloc           34%        N/A       6%          1
 Corona                   Hex            17%        N/A       6%          1
 Summon Small Mammal      Summ           56%        N/A       6%          1
 Inner Flame              Hex/Fire       20%        N/A       14%         3
 Confusing Touch          Hex            16%        N/A       17%         3
 Gell's Gravitas          Tloc           8%         N/A       17%         3
 Petrify                  Tmut/Erth      14%        N/A       54%         4
 Metabolic Englaciation   Hex/Ice        7%         N/A       86%         5
 Yara's Violent Unravell  Hex/Tmut       7%         3d5       86%         5


Dungeon Overview and Level Annotations

Branches:
Dungeon (8/15)             Temple (0/1) D:6            Lair (3/6) D:8
  Swamp (0/4) Lair:3      Ossuary (visited)         Gauntlet (visited)
  Snake: Lair:2-4    Spider: Lair:2-4

Altars:
Ashenzari
Cheibriados
Dithmenos
Fedhas
Kikubaaqudgha
Ru
Trog
Yredelemnul
The Shining One

Shops:
D:5 :

Annotations:
D:3 exclusion: oklob plant
Lair:1 exclusion: 2 oklob plants
Lair:3 Urug


Innate Abilities, Weirdness & Mutations

You have a beak for a mouth.
You have claws for feet.
Your magical nature lets you fly swiftly and evasively.


Message History

You feel very sick.
You block the black mamba's attack. x2; You block Urug's attack.
Casting: Searing Ray (safe; 1% risk of failure)
Confirm with . or Enter, or press ? or * to list all spells.
Aiming: Searing Ray (safe; 1% risk of failure)
Press: ? - help, Shift-Dir - straight line, f/p - black mamba
Aim: a black mamba (almost dead, mesmerising, 72% to hit)
You feel a surge of power!
The searing ray hits the black mamba!
You are no longer entranced.
You kill the black mamba!
The searing ray misses Urug. (Press . to maintain the ray.) Visions of slaying Urug flood into your mind.
You feel sick.
Urug hits you from afar with a +6 demon trident of venom!!
You are lethally poisoned!
The searing ray hits Urug!
Urug is heavily wounded.
* * * LOW HITPOINT WARNING * * *
You feel extremely sick. Urug misses you.
Unknown command.
You feel better. Urug misses you.
Casting: Searing Ray (safe; 1% risk of failure)
Confirm with . or Enter, or press ? or * to list all spells.
Aiming: Lightning Bolt (dangerous; 2% risk of failure)
Press: ? - help, Shift-Dir - straight line, f - Urug
Aim: Urug, wielding a +6 demon trident of venom, wearing a +0 ring mail and quivering silver javelins (heavily wounded, mesmerising, 55% to hit)
You feel a surge of power!
You hear a mighty clap of thunder!
The bolt of lightning hits Urug.
Urug is heavily wounded.
You hear a bellow!
You hear an angry growl.
You hear an angry hiss.
You hear a loud, deep croak!
You hear a croak.
Urug hits you from afar with a +6 demon trident of venom!!
* * * LOW HITPOINT WARNING * * *
You feel better. Urug misses you.
You feel better.
Urug hits you from afar with a +6 demon trident of venom!!
You die...

* , , , ,
*###.........**
.##P.........# *
, ,* ,,, ,
...........#.# ,
............####
, , ,
................
,
................
, ,
..............P.
,, .....o.@.....#
, ,
.............#* ,
....≈♣.......# *
, *
...≈♣≈♣♣.....## ,
, ..§*♣≈♣≈......#
,
..♣≈§§≈≈♣<...#...
, #
≈§§≈≈≈♣.....## *
.§§§§§§≈.....# ,,
.≈≈§§§§≈§.....#,
*


You could see Urug (mesmerising).

Vanquished Creatures
  A boulder beetle (Lair:2)
  Erica (Lair:1)
  A hydra (Lair:2)
  2 two-headed ogres
  Pikel (D:7)
  2 black mambas (Lair:3)
  3 cane toads (Lair:2)
  Maggie (D:8)
  3 komodo dragons
  A troll (D:8)
  5 blink frogs (Lair:2)
  Sigmund (D:3)
  2 basilisks (Lair:2)
  Eustachio (D:4)
  A steam dragon (D:6)
  9 yaks (Lair:1)
  9 water moccasins
  Edmund (D:6)
  An orc warrior (D:6)
  2 black bears (D:6)
  An ice beast (D:6)
  A necrophage (D:6)
  13 wolves
  A centaur (D:7)
  3 ogres
  3 lemures
  2 phantoms (D:5)
  A kobold brigand (D:8)
  10 bullfrogs
  A wyvern zombie (D:5)
  5 killer bees (D:7)
  A vampire bat (D:3)
  2 electric eels (D:8)
  A jelly (D:5)
  3 orc priests
  5 hounds
  A centaur skeleton (D:6)
  Ijyb (D:5)
  Terence (D:3)
  3 iguanas
  5 orc wizards
  9 mummies
  A howler monkey zombie (D:8)
  4 gnolls (D:4)
  3 adders
  A shadow imp (D:5)
  2 worms
  4 dart slugs
  3 fire bats (D:3)
  27 orcs
  2 spectral bats (D:3)
  12 ball pythons
  15 bats
  3 bat skeletons (D:3)
  A bat zombie (D:3)
  4 endoplasms
  4 giant cockroaches
  A gnoll zombie (Ossuary)
  3 goblins
  8 hobgoblins
  8 jackals
  14 kobolds
  8 quokkas
  A bat simulacrum (D:3)
  2 hobgoblin zombies (Ossuary)
  2 kobold zombies (Ossuary)
  3 orc zombies (Ossuary)
  9 rats
266 creatures vanquished.

Vanquished Creatures (others)
  A yak (Lair:1)
  7 fungi (Lair:2)
  13 plants
21 creatures vanquished.

Grand Total: 287 creatures vanquished

Notes
Turn   | Place    | Note
-------+----------+-------------------------------------------
     0 | D:1      | Zonian the Tengu Conjurer began the quest for the Orb.
     0 | D:1      | Reached XP level 1. HP: 10/10 MP: 4/4
   450 | D:1      | Reached XP level 2. HP: 14/15 MP: 0/6
   959 | D:1      | Reached skill level 6 in Conjurations
  1093 | D:1      | Reached XP level 3. HP: 10/19 MP: 2/7
  1405 | D:2      | Found a faded altar of an unknown god.
  2001 | D:2      | Found a glowing golden altar of the Shining One.
  2339 | D:2      | Reached XP level 4. HP: 24/24 MP: 5/8
  2514 | D:2      | Became a worshipper of Ashenzari the Shackled
  2692 | D:3      | Found a blossoming altar of Fedhas.
  2704 | D:3      | Noticed an oklob plant
  2770 | D:3      | Reached skill level 1 in Axes
  3197 | D:3      | Gained mutation: Your magical nature lets you fly swiftly
                  | and evasively. [Tengu growth]
  3197 | D:3      | Reached XP level 5. HP: 28/28 MP: 9/11
  3200 | D:3      | Learned a level 2 spell: Searing Ray
  3640 | D:3      | Reached * piety under Ashenzari
  3666 | D:3      | Found a bloodstained altar of Trog.
  3755 | D:3      | Reached skill level 7 in Conjurations
  4007 | D:3      | Noticed Terence
  4016 | D:3      | Killed Terence
  4017 | D:3      | Reached skill level 1 in Fighting
  4017 | D:3      | Reached XP level 6. HP: 35/35 MP: 7/14
  4371 | D:3      | Noticed Sigmund
  4409 | D:3      | Killed Sigmund
  4782 | D:4      | Reached ** piety under Ashenzari
  4960 | D:4      | Reached XP level 7. HP: 20/41 MP: 13/16
  4977 | D:4      | Noticed Eustachio
  4983 | D:4      | Killed Eustachio
  5234 | D:4      | Found a sand-covered staircase.
  5240 | Ossuary  | Entered an ossuary
  6583 | D:4      | Found an ancient bone altar of Kikubaaqudgha.
  6974 | D:5      | Entered Level 5 of the Dungeon
  7119 | D:5      | Reached XP level 8. HP: 11/48 MP: 11/18
  7566 | D:5      | Found a basalt altar of Yredelemnul.
  7615 | D:5      | Noticed Ijyb
  7622 | D:5      | Killed Ijyb
  7623 | D:5      | Reached skill level 8 in Conjurations
  7737 | D:5      | Found Dum Ruif's Book Shop.
  7744 | D:5      | Bought a book of Air for 350 gold pieces
  7747 | D:5      | Learned a level 2 spell: Static Discharge
  7752 | D:5      | Learned a level 4 spell: Airstrike
  7756 | D:5      | Learned a level 3 spell: Swiftness
  8016 | D:5      | Reached skill level 1 in Air Magic
  8704 | D:6      | Reached skill level 5 in Dodging
  8856 | D:6      | Noticed Prince Ribbit
  8884 | D:6      | Reached *** piety under Ashenzari
  8940 | D:6      | Reached XP level 9. HP: 56/56 MP: 8/21
  9183 | D:6      | Reached skill level 5 in Stealth
  9320 | D:6      | Found a staircase to the Ecumenical Temple.
  9490 | D:6      | Reached skill level 5 in Spellcasting
  9708 | D:6      | Noticed Edmund
  9720 | D:6      | Killed Edmund
 10100 | D:7      | Reached skill level 9 in Conjurations
 10440 | D:7      | Reached skill level 5 in Axes
 10898 | D:7      | Found a broken altar of Ashenzari.
 10935 | D:7      | Noticed a two-headed ogre
 10944 | D:7      | Killed a two-headed ogre
 10945 | D:7      | Reached XP level 10. HP: 47/64 MP: 12/23
 11133 | D:7      | Learned a level 5 spell: Lightning Bolt
 11603 | D:7      | Noticed Pikel
 11622 | D:7      | Killed Pikel
 11623 | D:7      | Reached skill level 5 in Fighting
 11623 | D:7      | Reached skill level 5 in Air Magic
 13016 | D:8      | Found a snail-covered altar of Cheibriados.
 13115 | D:8      | Noticed a two-headed ogre
 13122 | D:8      | Killed a two-headed ogre
 13123 | D:8      | Reached skill level 10 in Conjurations
 13175 | D:8      | Found a shadowy altar of Dithmenos.
 13268 | D:8      | Found a sacrificial altar of Ru.
 13878 | D:8      | Reached skill level 1 in Shields
 14131 | D:8      | Found a staircase to the Lair.
 14194 | D:8      | Noticed Maggie
 14206 | D:8      | Killed Maggie
 14835 | Lair:1   | Entered Level 1 of the Lair of Beasts
 15010 | Lair:1   | Found a gate leading to a gauntlet.
 15027 | Lair:1   | Reached XP level 11. HP: 69/69 MP: 17/25
 15252 | Gauntlet | Entered a Gauntlet
 15252 | Gauntlet | Found a transporter.
 15252 | Gauntlet | Found a transporter.
 15252 | Gauntlet | Found a runed translucent door.
 15253 | Gauntlet | Found a runed translucent door.
 15266 | Gauntlet | Found a transporter.
 15286 | Gauntlet | Found a transporter.
 15286 | Gauntlet | Found a transporter.
 15290 | Gauntlet | Found a transporter.
 15291 | Gauntlet | Found a transporter.
 15291 | Gauntlet | Found a transporter.
 15294 | Gauntlet | Noticed a ghost moth
 15300 | Gauntlet | Noticed an ice dragon
 15300 | Gauntlet | a ghost moth changed into an ice dragon
 15301 | Gauntlet | Noticed a bunyip
 15301 | Gauntlet | an ice dragon changed into a bunyip
 15303 | Gauntlet | Noticed a catoblepas
 15303 | Gauntlet | a bunyip changed into a catoblepas
 15304 | Gauntlet | Noticed a quicksilver ooze
 15304 | Gauntlet | a catoblepas changed into a quicksilver ooze
 15352 | Gauntlet | Found a transporter.
 15352 | Gauntlet | Noticed a fire crab
 15368 | Gauntlet | Found a transporter.
 15390 | Gauntlet | Found a transporter.
 15407 | Gauntlet | Found a transporter.
 15408 | Gauntlet | Found the +3 pair of gauntlets of War {Slay+5}
 15424 | Gauntlet | Found a transporter.
 15431 | Gauntlet | Noticed a fire crab
 15431 | Gauntlet | Noticed a stone giant
 15431 | Gauntlet | Noticed a frost giant
 15431 | Gauntlet | a stone giant changed into a frost giant
 15433 | Gauntlet | Found a runed translucent gate.
 15434 | Gauntlet | Found a transporter.
 15434 | Gauntlet | Found a runed translucent gate.
 15435 | Gauntlet | Found a runed translucent gate.
 15437 | Gauntlet | Identified the ring "Ymoczag" {Fly Int+3}
 15437 | Gauntlet | Noticed a death drake
 15437 | Gauntlet | a fire crab changed into a death drake
 15439 | Gauntlet | Noticed a quicksilver dragon
 15439 | Gauntlet | a frost giant changed into a quicksilver dragon
 15440 | Gauntlet | Noticed an azure jelly
 15440 | Gauntlet | a quicksilver dragon changed into an azure jelly
 15444 | Gauntlet | Noticed an iron troll
 15444 | Gauntlet | an azure jelly changed into an iron troll
 15447 | Gauntlet | Noticed a fire giant
 15447 | Gauntlet | an iron troll changed into a fire giant
 15450 | Gauntlet | Noticed an alligator snapping turtle
 15450 | Gauntlet | a fire giant changed into an alligator snapping turtle
 15457 | Gauntlet | Noticed a frost giant
 15457 | Gauntlet | an alligator snapping turtle changed into a frost giant
 15460 | Gauntlet | Noticed a glowing orange brain
 15460 | Gauntlet | a death drake changed into a glowing orange brain
 15486 | Gauntlet | Upgraded the game from 0.27-a0-1287-gca74d27db6 to
                  | 0.27-a0-1291-geefcff550b
 16677 | Lair:1   | Noticed an oklob plant
 16677 | Lair:1   | Noticed an oklob plant
 16839 | Lair:1   | Noticed Erica
 16855 | Lair:1   | Killed Erica
 18190 | Lair:2   | Noticed an eight-headed hydra
 18219 | Lair:2   | Killed an eight-headed hydra
 18846 | Lair:2   | Reached skill level 11 in Conjurations
 19782 | Lair:2   | Noticed a boulder beetle
 19805 | Lair:2   | Killed a boulder beetle
 19806 | Lair:2   | Reached XP level 12. HP: 75/75 MP: 6/25
 20010 | Lair:2   | Learned a level 5 spell: Fireball
 20846 | Lair:2   | Identified a scroll of acquirement
 20854 | Lair:2   | Acquired the +14 obsidian axe {vorpal, Drain Fly SInv}
 20855 | Lair:2   | Found the +14 obsidian axe {vorpal, Drain Fly SInv}
 21154 | Lair:3   | Found a staircase to the Swamp.
 21162 | Lair:3   | Reached skill level 1 in Fire Magic
 21164 | Lair:3   | Noticed Urug
 21176 | Lair:3   | Slain by Urug

Illustrated notes

Levels and vault maps discovered:
D:1:      dpeg_arrival_snail, layout_loops_cross
D:2:      layout_loops_ring, basic_altar, shapermc_ecumenical_altar_gd,
          minmay_fractal_squares_gapless_5
D:3:      layout_basic, tgw_fedhas, trog_butcher_becter, dk_noncrumbling_3,
          goddamned_bats, uniq_terence, uniq_sigmund
D:4:      layout_basic, nicolae_kikubaaqudgha_miasma_corner,
          lightli_ossuary_entry_decrepit_ruins, kennysheep_cross_room,
          uniq_eustachio
D:5:      layout_basic, general_overflow_altar, serial_shops, shop, uniq_ijyb
D:6:      layout_loops_ring, minmay_temple_entry_butterflies,
          chequers_serial_rivers_room_a, uniq_edmund, uniq_prince_ribbit1
D:7:      layout_layer_cave, overflow_temple_1_default, uniq_pikel
D:8:      layout_rooms, lemuel_doored_altar, old_standard_altar, slow_altar_1,
          erik_lair_island, minivault_27, uniq_maggie
Lair:1:   layout_gridlike, gauntlet_entry_generic, minmay_lair_oklob_chamber,
          uniq_erica
Lair:2:   layout_long_grid
Lair:3:   layout_gridlike, swamp_mist_pool, chequers_serial_rivers_micro_b,
          uniq_urug

Skill      XL: |  1  2  3  4  5  6  7  8  9 10 11 12 |
---------------+-------------------------------------+-----
Conjurations   | 6 7 8 9 10 11 | 11.3
Axes           | 1 2 3 4 5 6 7 |  7.7
Spellcasting   | 3 4 5 6 7 |  7.1
Dodging        | 3 4 5 6 7 8 |  8.3
Fighting       | 1 2 3 4 5 6 7 |  7.0
Stealth        | 3 4 5 6 7 8 |  8.0
Air Magic      | 2 4 6 7 8 |  8.1
Shields        | 1 3 |  3.9
Fire Magic     | 1 |  1.2

Action                   |  1- 3 |  4- 6 |  7- 9 | 10-12 || total
-------------------------+-------+-------+-------+-------++-------
Melee: Hand axe          |    41 |    19 |    52 |   111 ||   223
       Kick              |     8 |    10 |    19 |    34 ||    71
       Peck              |     6 |     8 |    12 |    19 ||    45
       Broad axe         |       |       |       |     1 ||     1
 Cast: Magic Dart        |    50 |    84 |   210 |   227 ||   571
       Searing Ray       |       |     3 |    36 |    46 ||    85
       Lightning Bolt    |       |       |       |     4 ||     4
       Static Discharge  |       |       |       |     3 ||     3
       Airstrike         |       |       |       |     2 ||     2
       Swiftness         |       |       |       |     1 ||     1
Invok: Curse Item        |       |     3 |     1 |       ||     4
       Shatter the Chain |       |       |       |     1 ||     1
Evoke: Wand              |       |       |       |     5 ||     5
  Use: Scroll            |     1 |       |       |     2 ||     3
       Potion            |       |       |       |     4 ||     4
 Stab: Sleeping          |     1 |     3 |     2 |       ||     6
Armor: Robe              |    15 |     6 |     8 |    25 ||    54
       Skin              |       |       |       |     1 ||     1
Dodge: Dodged            |    54 |    40 |   101 |   175 ||   370
Block: Buckler           |       |       |       |    33 ||    33

Table legend: (Time is in decaauts)
 A = Elapsed time spent in this place.
 B = Non-inter-level travel time spent in this place.
 C = Inter-level travel time spent in this place.
 D = Time resting spent in this place.
 E = Time spent auto-exploring this place.
 F = Levels seen in this place.
 G = Mean time per level.
                   A        B        C        D        E       F      G
               +--------+--------+--------+--------+--------+-----+--------+
         Total |  20534 |  20249 |    285 |   9862 |   7812 |  13 | 1579.5 |
       Dungeon |  13545 |  13327 |    218 |   5273 |   6469 |   8 | 1693.1 |
          Lair |   5904 |   5838 |     66 |   3962 |   1343 |   3 | 1968.0 |
       Ossuary |    845 |    845 |      0 |    627 |      0 |   1 |  845.0 |
      Gauntlet |    238 |    238 |      0 |      0 |      0 |   1 |  238.0 |
               +--------+--------+--------+--------+--------+-----+--------+

Top non-repeatable levels by time:
  Lair:2: 3130 daAuts
  Lair:1: 2752 daAuts
     D:7: 2348 daAuts
     D:3: 2154 daAuts
     D:8: 2017 daAuts
     D:6: 1807 daAuts
     D:5: 1413 daAuts
     D:1: 1393 daAuts
     D:4: 1251 daAuts
     D:2: 1159 daAuts
 Ossuary: 845 daAuts
Gauntlet: 238 daAuts
  Lair:3: 22 daAuts
